 Dungeon Crawl Stone Soup version 0.32-a0-968-g61e5eb5241 (webtiles) character file.

Game seed: 4271474918804333266

147 Revguard the Insei (level 5, 0/28 HPs)
             Began as a Vine Stalker Monk on Apr 18, 2024.
             Killed from afar by an orc wizard (11 damage)
             ... with a magic dart
             ... on level 4 of the Dungeon.
             The game lasted 00:05:04 (2649 turns).

Revguard the Insei (Vine Stalker Monk)              Turns: 2649, Time: 00:05:05

Health: 0/28       AC:  3    Str: 16    XL:     5   Next: 29%
Magic:  0/6        EV: 12    Int: 10    God:
Gold:   175        SH:  0    Dex: 22    Spells: 4/4 levels left

rFire   . .          .
                       - Unarmed
rCold   . . .        (no shield)
rNeg    . . .        a - +0 robe
rPois   .            (no helmet)
rElec   .            (no cloak)
rCorr   .            c - +0 pair of gloves
SInv    +            (no boots)
Will    .....        (no amulet)
Stlth   ++           h - ring of see invisible
HPRegen 1.04/turn    n - +6 ring of dexterity
MPRegen 0.10/turn

%: guardian spirit
@: no status effects
A: fangs 2, regeneration 1, magic shield, antimagic bite, no potion heal 2
a: no special abilities


You were on level 4 of the Dungeon.
You visited 1 branch of the dungeon, and saw 4 of its levels.

You collected 175 gold pieces.

Inventory:

Hand Weapons
 s - a +1 dagger of venom
Missiles
 r - a throwing net (quivered)
Armour
 a - a +0 robe (worn)
 c - a +0 pair of gloves (worn)
Jewellery
 h - a ring of see invisible (left hand)
 n - a +6 ring of dexterity (right hand)
Scrolls
 e - 4 scrolls of enchant armour {unknown}
 f - 2 scrolls of noise {unknown}
 g - 2 scrolls of identify {unknown}
 j - a scroll of fog {unknown}
 l - 4 scrolls of teleportation {unknown}
 q - a scroll of poison {unknown}
 t - 2 scrolls of fear {unknown}
 u - a scroll of amnesia {unknown}
Potions
 b - a potion of ambrosia
 d - a potion of heal wounds {unknown}
 i - a potion of curing {unknown}
 k - 3 potions of enlightenment {unknown}
 m - a potion of lignification {unknown}
 o - 2 potions of mutation {unknown}
 p - a potion of degeneration {unknown}
 v - a potion of might {unknown}


   Skills:
 + Level 3.2 Fighting
 + Level 1.2 Armour
 + Level 2.9 Dodging
 + Level 2.0 Stealth
 * Level 3.8 Unarmed Combat
 + Level 1.4 Evocations


You had 4 spell levels left.
You didn't know any spells.
Your spell library contained the following spells:

 Spells                   Type           Power      Damage    Failure   Level
 Necrotise                Necr           0%         1d4       36%         1
 Frozen Ramparts          Ice            0%         1d1       75%         3
 Ozocubu's Armour         Ice            0%         N/A       75%         3
 Vampiric Draining        Necr           0%         2d6       75%         3
 Martyr's Knell           Necr/Summ      0%         N/A       98%         4
 Curse of Agony           Necr           0%         N/A       100%        5
 Metabolic Englaciation   Hex/Ice        0%         N/A       100%        5
 Malign Gateway           Summ/Tloc      0%         N/A       100%        7
 Summon Horrible Things   Summ           0%         N/A       100%        8


Dungeon Overview and Level Annotations

Branches:
Dungeon (4/15)
 Temple: D:4-7

Altars:
Makhleb
Nemelex Xobeh
Xom

Shops:
D:1 :   D:2 [


Innate Abilities, Weirdness & Mutations

You have extremely sharp teeth.
Your natural rate of healing is unusually fast.
When hurt, damage is shared between your health and your magic reserves.
Your bite disrupts and absorbs the magic of your enemies.
Potions cannot restore your health.


Message History

The iguana hisses angrily.
The orc wizard mumbles some strange words.
The orc wizard flickers and vanishes for a moment.
The orc shouts!
You hear a shout!
You barely miss the orc.
The orc shouts!
The orc hits you with a +0 whip. The orc hits you with a +0 hand axe.
Unknown command.
You hit the orc.
The orc is moderately wounded.
The orc misses you.
You hit the orc but do no damage. Your bite misses the orc.
The orc is moderately wounded.
The iguana barely misses you. The orc hits you but does no damage.
The orc throws a boomerang.
The boomerang barely misses the orc wizard.
The boomerang hits you.
Unknown command.
You barely miss the orc. Your bite misses the orc.
The orc is moderately wounded.
The iguana bites you! The orc wizard barely misses you.
The orc closely misses you.
You punch the orc!
You kill the orc!
The iguana bites you.
The orc wizard hits you with a +0 dagger.
Unknown command.
The iguana misses you.
The orc wizard attacks as it pursues you!
The orc wizard hits you with a +0 dagger.
Things that are here:
a +0 whip; a +0 ring mail; an orc corpse You punch the iguana!
The iguana is heavily wounded.
The iguana bites you.
You closely miss the iguana. You bite the iguana, but do no damage.
The iguana is heavily wounded.
The orc wizard points at you and mumbles some strange words.
The magic dart hits you!
You die...

.. #............ #.
#..#.....#.#.... # #.
#..#.#..........
.##.###..#.###.#.#.#'#
................#.#.# #
#..##.##.###.#.#.#.#
##.##..............#.#.#
......o..............#.#
......l@................
...##o#o#............#.#
# #o#..#..###.......
$o#...............
...#..............#
#........###########
#.#.#..#.# #.#.#..#.#
.....


You could see an iguana, an orc wizard (invisible) and 4 orcs.

Vanquished Creatures
  A scorpion (D:4)
  An adder (D:2)
  2 ribbon worms (D:3)
  An orc (D:4)
  10 ball pythons
  9 endoplasms
  2 giant cockroaches
  6 hobgoblins
  6 jackals
  9 kobolds
  2 quokkas (D:1)
  7 bats
  3 frilled lizards
  3 goblins
  4 rats
66 creatures vanquished.

Notes
Turn   | Place    | Note
-------+----------+-------------------------------------------
     0 | D:1      | Revguard the Vine Stalker Monk began the quest for the Orb.
     0 | D:1      | Reached XP level 1. HP: 11/11 MP: 2/2
    93 | D:1      | Reached XP level 2. HP: 16/16 MP: 3/3
   181 | D:1      | Reached skill level 1 in Stealth
   243 | D:1      | Found a faded altar of an unknown god.
   351 | D:1      | Found Liuthiab's Book Emporium.
   351 | D:1      | Noticed a walking crystal tome
   354 | D:1      | Noticed a walking divine tome
   434 | D:1      | Reached XP level 3. HP: 19/19 MP: 4/4
  1198 | D:2      | Reached skill level 1 in Evocations
  1393 | D:2      | Reached XP level 4. HP: 23/23 MP: 3/5
  1511 | D:2      | Found Ije Udimnet's Antique Armour Emporium.
  2266 | D:3      | Found a shimmering altar of Xom.
  2266 | D:3      | Found a sparkling altar of Nemelex Xobeh.
  2267 | D:3      | Noticed a chaos spawn
  2269 | D:3      | Found a burning altar of Makhleb.
  2558 | D:4      | Noticed a scorpion
  2575 | D:4      | Killed a scorpion
  2576 | D:4      | Reached skill level 1 in Armour
  2576 | D:4      | Reached XP level 5. HP: 2/28 MP: 2/6
  2649 | D:4      | Killed from afar by an orc wizard

Illustrated notes

Levels and vault maps discovered:
D:1:      kennysheep_arrival_seaside, layout_basic, serial_shops,
          nicolae_shop_mannequins, shapermc_ecumenical_altar_mp_vishouse,
          dreamdust_princess_corridor, minivault_5, minmay_cupped
D:2:      layout_loops_corners, serial_shops, nicolae_shop_hallway_stairs
D:3:      layout_basic, dolorous_overflow_abandoned_chaos_spawn_temple,
          minmay_misc_feat_x
D:4:      layout_basic, uniq_sigmund, uniq_crazy_yiuf_cottage

Skill      XL: |  1  2  3  4 |
---------------+-------------+-----
Stealth        | 1 2 |  2.0
Evocations     | 1 |  1.4
Fighting       | 3 |  3.2
Armour         | 1 |  1.2
Dodging        | |  2.9
Unarmed Combat | |  3.8

Action                     |  1- 3 |  4- 6 || total
---------------------------+-------+-------++-------
  Melee: Unarmed           |    94 |    65 ||   159
         Bite              |    21 |    22 ||    43
         Punch             |     4 |       ||     4
   Stab: Sleeping          |     4 |     8 ||    12
 Armour: Robe              |    61 |    31 ||    92
  Dodge: Dodged            |    63 |    29 ||    92

Table legend: (Time is in decaauts)
 A = Elapsed time spent in this place.
 B = Non-inter-level travel time spent in this place.
 C = Inter-level travel time spent in this place.
 D = Time resting spent in this place.
 E = Time spent auto-exploring this place.
 F = Levels seen in this place.
 G = Mean time per level.
                   A        B        C        D        E       F      G
               +--------+--------+--------+--------+--------+-----+--------+
         Total |   2640 |   2532 |    108 |     22 |   1929 |   4 |  660.0 |
       Dungeon |   2640 |   2532 |    108 |     22 |   1929 |   4 |  660.0 |
               +--------+--------+--------+--------+--------+-----+--------+

Top non-repeatable levels by time:
     D:1: 944 daAuts
     D:2: 896 daAuts
     D:3: 640 daAuts
     D:4: 158 daAuts
